Map: Scythe of Amon

Players

NamroodTuo

  • Race: Zerg Zerg

serch

  • Race: Terran Terran

VOD

Have the link to the VOD?

Description

Time

  • Played on: Jan. 8, 2023, 5:13 p.m.
  • Length: 18:13
Show
View Real Time Build Order
Export as new Build Order

NamroodTuo Zerg 

Build Orders:  

Get SALT Encoding   

  12  0:04  Infested SCV  
  13  0:18  Overlord  
  13  0:27  Infested SCV  
  14  0:31  Infested SCV  
  15  0:48  Infested Barracks  
  15  0:54  Infested SCV  
  16  1:01  Infested SCV  
  16  1:08  Infested SCV  
  18  1:27  Infested SCV  
  19  1:38  Infested SCV  
  20  1:49  Infestation Level 1  
  20  1:59  Infested SCV  
  21  2:03  Infested Engineering Bay  
  21  2:09  Overlord  
  21  2:26  Infested SCV  
  22  2:48  Infested SCV  
  23  2:56  Infested Refinery  
  23  2:57  Infested SCV, Infested Refinery  
  24  3:13  Infested SCV  
  25  3:38  Infested SCV  
  26  3:56  Infested Barracks  
  26  4:01  Anaerobic Enhancement  
  26  4:05  Infested SCV  
  26  4:07  Infested SCV  
  28  4:26  Regenerative Plating  
  28  4:55  Overlord  
  28  4:56  Overlord x2  
  28  5:13  Infested Marine  
  28  5:14  Infested Marine x2  
  31  5:29  Infested Barracks Tech Lab, Infested Barracks  
  31  5:33  Infested Marine x8  
  39  5:44  Infested Bunker  
  43  6:20  Infested SCV x2  
  43  6:21  Infested SCV  
  43  6:22  Overlord x2  
  43  6:25  Stukov Infantry Weapons Level 1  
  46  6:31  Infestation Level 2  
  44  6:47  Infested Bunker  
  45  7:01  Infested Marine x5  
  45  7:02  Infested Marine x19  
  45  7:03  Infested Marine  
  64  7:12  Retinal Augmentation  
  64  7:58  Infested Marine  
  64  7:59  Infested Marine x7  
  71  8:03  Overlord  
  71  8:04  Overlord x4  
  56  8:31  Broodling Gestation, Infested Marine  
  56  8:32  Infested Marine x15  
  63  8:51  Infested Factory  
  60  9:03  Infested Barracks  
  60  9:05  Stukov Infantry Armor Level 1  
  60  9:16  Infested SCV  
  60  9:17  Infested SCV x3  
  59  9:48  Infested Marine  
  59  9:49  Infested Marine x6  
  70  9:51  Infested Bunker  
  51  10:51  Infested Bunker  
  51  10:56  Infested Command Center  
  51  11:11  Infested Marine  
  51  11:12  Infested Marine x12  
  51  11:13  Infested Marine x3  
  67  11:34  Infested SCV x2  
  67  11:36  Infested Armory  
  69  11:56  Infested Barracks  
  67  12:03  Plagued Munitions  
  55  12:35  Infested Marine x9  
  55  12:36  Infested Marine x11  
  73  12:45  Infested SCV x3  
  76  13:02  Infested Marine x6  
  76  13:03  Infested Marine x19  
  101  13:13  Calcified Armor  
  101  13:36  Infested Marine  
  102  13:42  Infestation Level 3  
  96  14:13  Stukov Infantry Weapons Level 2, Infested Bunker  
  61  14:42  Infested Marine x5  
  61  14:43  Infested Marine x25  
  61  14:44  Infested Marine x16  
  107  14:54  Infested SCV  
  107  14:55  Infested SCV  
  107  14:56  Infested SCV  
  107  14:57  Infested SCV  
  107  14:59  Infested SCV  
  112  15:03  Overlord  
  112  15:18  Infested SCV  
  109  15:44  Infested Bunker  
  106  16:16  Infested Marine  
  106  16:17  Infested Marine x23  
  106  16:18  Infested Marine x11  
  105  16:22  Overlord x7  
  105  16:35  Infested SCV  
  106  16:56  Infested Marine x9  
  106  16:57  Infested Marine x19  
  138  17:11  Infested Bunker  
Show
View Real Time Build Order
Export as new Build Order

serch Terran 

Build Orders:  

Get SALT Encoding   

  12  0:15  SCV  
  13  0:32  SCV  
  14  0:40  Refinery  
  14  1:07  Refinery  
  14  1:18  SCV  
  15  1:35  SCV  
  16  1:57  SCV  
  17  2:14  SCV  
  18  2:38  SCV  
  19  2:55  SCV  
  20  3:01  Tychus  
  20  3:12  SCV  
  20  3:15  Engineering Bay  
  21  3:28  SCV  
  22  3:32  Gunslingers Hideout  
  22  3:44  Muscle Armory  
  22  3:45  SCV  
  23  4:00  Fixers Safehouse  
  23  4:06  Medivac Platform  
  23  4:22  Auto-Turret  
  23  4:31  Auto-Turret  
  23  4:48  Auto-Turret  
  23  5:03  Auto-Turret  
  23  5:11  Lt Layna Nikara  
  33  8:14  James Sirius Sykes  
  43  11:23  Miles Blaze Lewis  
  53  11:33  Kel-Morian Ripper Rounds  
  53  15:20  Rob Cannonball Boswell  
  53  15:27  High Capacity Containers  
  63  15:39  Command Center  
Tags
 
Commander
StukovTychus
Matchup
Co-op
Replay Pack
Multiplayer
Add a new tag
Caveats
  • Supply blocks, unpowered buildings, or Contaminate may cause inaccurate times.
  • Supply counts are checked every 10 seconds.